 Dungeon Crawl Stone Soup version 0.30-a0-808-g6e0788376e (webtiles) character file.

Game seed: 14354285368502790107

36458 cforsyth the Unseen (level 14, 0/84 HPs)
             Began as a Kobold Brigand on Feb 27, 2023.
             Was a High Priest of Hepliaklqana.
             Slain by a seven-headed hydra (3 damage)
             ... on level 3 of the Lair of Beasts.
             The game lasted 00:35:57 (20573 turns).

cforsyth the Unseen (Kobold Brigand)               Turns: 20573, Time: 00:35:58

Health: 0/84       AC: 13    Str: 12    XL:     14   Next: 23%
Magic:  14/14      EV: 25    Int: 13    God:    Hepliaklqana [*****.]
Gold:   1235       SH:  0    Dex: 20    Spells: 13/13 levels left

rFire   + . .      SeeInvis .    I - +2 short sword (venom)
rCold   . . .      Faith    .    (no shield)
rNeg    . . .      Spirit   .    K - +2 leather armour of the Stars {rF+ Stlth+}
rPois   .          Reflect  .    (no helmet)
rElec   +          Harm     .    c - +0 cloak
rCorr   .          Rampage  .    (no gloves)
Will    ++...                    z - +2 pair of boots
Stlth   +++++++++                x - amulet of regeneration
HPRegen 1.14/turn                h - +4 ring of protection
MPRegen 0.14/turn                Q - ring "Taeqeq" {Fly rElec Will+ Str+3}

@: lethally poisoned (0 -> -1), flying, hasted, very quick
A: reduced essence, small, no large weapons, nightstalker 3
a: Renounce Religion, Recall Ancestor, Ancestor Identity, Transference, Idealise


You were on level 3 of the Lair of Beasts.
You worshipped Hepliaklqana.
Hepliaklqana was extremely pleased with you.
You visited 3 branches of the dungeon, and saw 16 of its levels.
You also visited: Sewer and Gauntlet.

You collected 1235 gold pieces.

Inventory:

Hand Weapons
 a - a +2 dagger
 B - a +1 dagger of draining
 E - a +4 falchion
 I - a +2 short sword of venom (weapon)
Missiles
 d - 36 poisoned darts (quivered)
 e - 10 curare-tipped darts
 T - 5 datura-tipped darts
Armour
 b - a +0 robe
 c - a +0 cloak (worn)
 j - the +4 plate armour of Hairy the Good {rF+ rC+ rN+}
   (You found it in a sewer)

   rF:        It protects you from fire.
   rC:        It protects you from cold.
   rN:        It protects you from negative energy.
 z - a +2 pair of boots (worn)
 F - a +1 robe of positive energy
 K - the +2 leather armour of the Stars (worn) {rF+ Stlth+}
   (You found it on level 7 of the Dungeon)

   rF:        It protects you from fire.
   Stlth:     It makes you more stealthy.
Jewellery
 f - a ring of ice
 h - a +4 ring of protection (left hand)
 r - an amulet of guardian spirit
 x - an amulet of regeneration (around neck)
 A - an amulet of the acrobat
 L - the ring "Wimehoi" {Wiz rPois rN++ Dex-3}
   (You found it in a Gauntlet)

   [ring of wizardry]

   It improves your spell success rate.
   Dex:       It affects your dexterity (-3).
   rPois:     It protects you from poison.
   rN:        It greatly protects you from negative energy.
 O - a ring of poison resistance
 Q - the ring "Taeqeq" (right hand) {Fly rElec Will+ Str+3}
   (You took it off a minotaur in a Gauntlet)

   [ring of flight]

   Str:       It affects your strength (+3).
   rElec:     It insulates you from electricity.
   Fly:       It grants you flight.
   Will:      It increases your willpower.
 R - a ring of see invisible
Wands
 l - a wand of iceblast (12)
 m - a wand of paralysis (26)
 M - a wand of flame (4)
Scrolls
 i - 6 scrolls of teleportation
 n - 6 scrolls of blinking
 p - a scroll of torment
 s - 4 scrolls of enchant weapon
 t - 3 scrolls of fog
 y - 2 scrolls of magic mapping
 C - 3 scrolls of amnesia
 D - a scroll of summoning
 N - a scroll of poison
 S - 2 scrolls of identify
 U - a scroll of immolation {unknown}
Potions
 g - 6 potions of flight
 k - 3 potions of mutation
 o - 3 potions of ambrosia
 q - 3 potions of haste
 u - a potion of invisibility
 v - 9 potions of curing
 w - a potion of heal wounds
 G - 2 potions of attraction
 H - 3 potions of brilliance
 J - 2 potions of lignification
 P - a potion of might
 V - a potion of berserk rage {unknown}


   Skills:
 + Level 13.1 Fighting
 + Level 15.4 Short Blades
 - Level 2.1 Throwing
 + Level 14.1 Dodging
 + Level 17.2 Stealth


You had 13 spell levels left.
You didn't know any spells.
Your spell library contained the following spells:

 Spells                   Type           Power      Damage    Failure   Level
 Apportation              Tloc           0%         N/A       36%         1
 Necrotise                Necr           0%         1d4       36%         1
 Summon Small Mammal      Summ           0%         N/A       36%         1
 Stone Arrow              Conj/Erth      0%         3d7       75%         3
 Animate Armour           Summ/Erth      0%         N/A       98%         4
 Leda's Liquefaction      Hex/Erth       0%         N/A       98%         4
 Alistair's Intoxication  Tmut/Pois      0%         N/A       100%        5
 Blade Hands              Tmut           0%         N/A       100%        5
 Lee's Rapid Deconstruct  Erth           0%         3d4*      100%        5
 Statue Form              Tmut/Erth      0%         N/A       100%        6
 Dragon Form              Tmut           0%         N/A       100%        7
 Borgnjor's Revivificati  Necr           0%         N/A       100%        8
 Lehudib's Crystal Spear  Conj/Erth      0%         10d2      100%        8
 Necromutation            Tmut/Necr      0%         N/A       100%        8
 Death's Door             Necr           0%         N/A       100%        9


Dungeon Overview and Level Annotations

Branches:
Dungeon (12/15)            Temple (1/1) D:7            Lair (3/5) D:9
  Swamp (0/4) Lair:3       Spider (0/4) Lair:2          Orc (0/2) D:12
  Sewer (visited)         Gauntlet (visited)

Altars:
Ashenzari
Cheibriados
Dithmenos
Elyvilon
Fedhas
Gozag
Hepliaklqana
Kikubaaqudgha
Makhleb
Nemelex Xobeh
Okawaru
Qazlal
Ru
Uskayaw
Vehumet
Wu Jian
Xom
Yredelemnul
Zin
The Shining One

Shops:
D:3 =

Annotations:
D:2 1 runed translucent door, Crazy Yiuf
D:6 3 runed translucent doors, STHMFLV's ghost, novice DsEE


Innate Abilities, Weirdness & Mutations

Your life essence is reduced to manifest your ancestor. (-10% HP)
You are small and have problems with some larger weapons.
You are completely attuned to the shadows.


Message History

You feel very sick.
The komodo dragon bites Paullus.
Paullus points at the komodo dragon and mumbles some strange words.
The komodo dragon appears confused.
You see here 17 gold pieces.
You feel much better.
You feel very sick.
You kill the cane toad!
The komodo dragon bites Paullus!!
Paullus hits the komodo dragon but does no damage.
The seven-headed hydra bites you but does no damage.
The seven-headed hydra bites you. The seven-headed hydra bites you!
* * * LOW HITPOINT WARNING * * *
The seven-headed hydra bites you!
* * * LOW HITPOINT WARNING * * *
The seven-headed hydra misses you. x2
The seven-headed hydra barely misses you.
Paullus hits the komodo dragon with a +0 dagger of draining!
Paullus drains the komodo dragon.
You feel much better.
You feel sick.
The komodo dragon barely misses the seven-headed hydra.
The death yak barely misses Paullus.
Paullus hits the komodo dragon with a +0 dagger of draining.
The komodo dragon dies!
The seven-headed hydra misses you. The seven-headed hydra bites you.
* * * LOW HITPOINT WARNING * * *
The seven-headed hydra bites you!
* * * LOW HITPOINT WARNING * * *
The seven-headed hydra completely misses you. x3
The seven-headed hydra closely misses you.
Paullus hits the seven-headed hydra with a +0 dagger of draining!
Unknown command.
You feel yourself speed up.
You feel sick.
The death yak gores Paullus!
Paullus points at the seven-headed hydra and mumbles some strange words.
The seven-headed hydra resists with almost no effort.
The seven-headed hydra completely misses you.
The seven-headed hydra barely misses you.
The seven-headed hydra bites you but does no damage.
The seven-headed hydra bites you.
You die...

##....Y# ### ♣.♣
#.Y....# ♣♣.♣♣ ♣.♣
###..### #♣.≈.♣#♣♣.♣♣#
#...## #.≈≈≈.#..♣..#
#..R.##.
.#.≈≈≈.#♣♣.♣♣#~♣
##.####.###.#.≈≈≈.#
♣.♣ ~♣ #.##
#...##.≈~≈.##♣'♣##~♣♣
#..#
##[$?##♣~≈†♣#..<..#~P~
#.##
#.†YD@..≈~≈.'..8..'.~P
##..#
##!†R##♣~≈†♣#..>..#♣♣♣
#P.##
#...##.≈~≈.##♣'♣##
###..#
#.###.#.≈≈≈.#♣♣.♣♣
#...## #/
.#.≈≈≈.#♣...♣#
##..#### #.....#
##.##.# #♣...♣# #....#
♣♣.♣♣ #....#######
#♣.♣#


You could see the friendly Paullus the hexer, a death yak and a seven-headed
hydra (ally target).

Vanquished Creatures
  Gastronok (Lair:1)
  A hydra (Lair:3)
  2 two-headed ogres (D:11)
  A death yak (Lair:3)
  A death scarab (Gauntlet)
  A wretched star (Gauntlet)
  Pikel (D:8)
  An ugly thing (D:12)
  3 cyclopes
  2 elephants (Lair:3)
  5 black mambas
  5 cane toads
  A torpor snail (Lair:3)
  5 komodo dragons
  2 kobold demonologists
  2 burning bushes (Lair:2)
  2 trolls
  6 blink frogs
  A tarantella (Lair:2)
  Grinder (D:6)
  2 jumping spiders (Lair:2)
  Sigmund (D:5)
  A shadow (D:10)
  2 vampires
  31 yaks
  3 wraiths
  2 wyverns
  Eustachio (D:4)
  3 steam dragons
  4 vampire mosquitoes
  Menkaure (D:5)
  Edmund (D:6)
  An acid dragon (D:10)
  10 water moccasins
  3 orc warriors
  A sky beast (D:7)
  4 black bears
  3 centaurs (D:11)
  5 wolves
  A spectral torpor snail (Gauntlet)
  5 ogres
  2 lemures
  A phantom (D:6)
  6 kobold brigands
  15 bullfrogs
  A gnoll sergeant (D:8)
  3 scorpions
  5 wights
  A killer bee (D:10)
  3 howler monkeys (D:10)
  A jelly (D:7)
  3 hounds
  8 orc priests
  A gnoll bouda (D:5)
  Ijyb (D:5)
  9 orc wizards
  3 iguanas
  A sickly merfolk siren (Sewer)
  A malarious merfolk avatar (Sewer)
  A small abomination (Gauntlet)
  Robin (D:3)
  14 adders
  14 gnolls
  A river rat (Sewer)
  A shadow imp (D:5)
  A white imp (D:7)
  A worm (D:2)
  2 dart slugs
  36 orcs
  10 bats
  5 endoplasms
  8 giant cockroaches
  7 hobgoblins
  2 jackals (D:3)
  48 kobolds
  8 quokkas
  14 ball pythons
  10 frilled lizards
  16 goblins
  24 rats
418 creatures vanquished.

Vanquished Creatures (collateral kills)
  A minotaur (Gauntlet)
  A pharaoh ant (Lair:2)
  An ugly thing (D:10)
  A deep elf pyromancer (D:11)
  3 cane toads
  Maggie (D:10)
  An unseen horror (D:12)
  3 komodo dragons
  A troll (D:11)
  3 blink frogs
  2 wraiths (D:12)
  8 yaks
  2 basilisks
  2 vampire mosquitoes (D:11)
  2 acid dragons
  2 water moccasins
  An orc warrior (D:9)
  A centaur (D:9)
  5 wolves
  A lemure (D:8)
  An orc priest (D:12)
  2 iguanas (Lair:3)
  An orc wizard (D:10)
  A gnoll (D:8)
  3 orcs
50 creatures vanquished.

Vanquished Creatures (others)
  6 hexers
  42 fungi
  170 plants
218 creatures vanquished.

Grand Total: 686 creatures vanquished

Notes
Turn   | Place    | Note
-------+----------+-------------------------------------------
     0 | D:1      | cforsyth the Kobold Brigand began the quest for the Orb.
     0 | D:1      | Reached XP level 1. HP: 12/12 MP: 1/1
    75 | D:1      | Reached XP level 2. HP: 17/18 MP: 2/2
   270 | D:1      | Reached XP level 3. HP: 22/22 MP: 3/3
   940 | D:2      | Found a runed translucent door.
   943 | D:2      | Noticed Crazy Yiuf
  1022 | D:2      | Reached XP level 4. HP: 26/27 MP: 4/4
  1042 | D:2      | Reached skill level 6 in Stealth
  1059 | D:2      | Found a shimmering altar of Xom.
  1115 | D:2      | Found a faded altar of an unknown god.
  1440 | D:2      | Reached XP level 5. HP: 32/32 MP: 5/5
  1560 | D:3      | Found a hazy altar of Hepliaklqana.
  1659 | D:3      | Noticed Robin
  1678 | D:3      | Killed Robin
  2010 | D:3      | Found Ikyodife's Jewellery Boutique.
  2869 | D:4      | Reached XP level 6. HP: 28/38 MP: 3/6
  2902 | D:4      | Found a glowing drain.
  2926 | Sewer    | Entered a sewer
  3168 | Sewer    | Reached skill level 7 in Stealth
  3251 | Sewer    | Reached skill level 5 in Short Blades
  3251 | Sewer    | Reached XP level 7. HP: 43/43 MP: 7/7
  3274 | Sewer    | Identified the +4 plate armour of Hairy the Good {rF+ rC+
                  | rN+}
  3573 | D:4      | Noticed Eustachio
  3577 | D:4      | Killed Eustachio
  4543 | D:5      | Entered Level 5 of the Dungeon
  4646 | D:5      | Noticed Menkaure
  4650 | D:5      | Killed Menkaure
  4651 | D:5      | Reached skill level 5 in Fighting
  4651 | D:5      | Reached skill level 5 in Dodging
  4651 | D:5      | Reached skill level 8 in Stealth
  4651 | D:5      | Reached XP level 8. HP: 49/49 MP: 8/8
  4806 | D:5      | Noticed Ijyb
  4808 | D:5      | Found a glowing silver altar of Zin.
  4809 | D:5      | Killed Ijyb
  4969 | D:5      | Found a white marble altar of Elyvilon.
  5213 | D:5      | Noticed Sigmund
  5217 | D:5      | Killed Sigmund
  5241 | D:5      | Reached skill level 9 in Stealth
  6052 | D:6      | Found a runed translucent gate.
  6053 | D:6      | Found a runed translucent gate.
  6054 | D:6      | Found a runed translucent gate.
  6055 | D:6      | Noticed STHMFLV's ghost (novice DsEE)
  6060 | D:6      | Found a hide-covered altar of Uskayaw.
  6116 | D:6      | Found a sacrificial altar of Ru.
  6204 | D:6      | Reached XP level 9. HP: 20/55 MP: 5/9
  6348 | D:6      | Noticed Grinder
  6405 | D:6      | Killed Grinder
  6439 | D:6      | Noticed a troll
  6446 | D:6      | Killed a troll
  6720 | D:6      | Reached skill level 10 in Stealth
  6877 | D:6      | Noticed Edmund
  6881 | D:6      | Killed Edmund
  7033 | D:6      | Found an iron altar of Okawaru.
  7600 | D:3      | Became a worshipper of Hepliaklqana the Forgotten
  7857 | D:7      | Identified the +2 leather armour of the Stars {rF+ Stlth+}
  7937 | D:7      | Reached XP level 10. HP: 63/63 MP: 10/10
  8164 | D:7      | Found a staircase to the Ecumenical Temple.
  8181 | D:7      | Reached skill level 11 in Stealth
  8211 | Temple   | Entered the Ecumenical Temple
  8597 | D:7      | Found a snail-covered altar of Cheibriados.
  8679 | D:7      | Found the +5 robe of Misfortune {Harm *Corrode *Slow EV+5}
  9000 | D:8      | Noticed Pikel
  9645 | D:8      | Reached * piety under Hepliaklqana
  9712 | D:8      | Reached skill level 10 in Short Blades
  9762 | D:8      | Reached skill level 12 in Stealth
 10299 | D:8      | Killed Pikel
 10849 | D:9      | Reached XP level 11. HP: 62/62 MP: 11/11
 10855 | D:9      | Found a staircase to the Lair.
 10976 | D:9      | Reached ** piety under Hepliaklqana
 10977 | D:9      | Remembered your ancestor Paullus as a hexer
 11164 | D:9      | Reached skill level 10 in Dodging
 11424 | D:9      | Found a basalt altar of Yredelemnul.
 12186 | D:10     | Entered Level 10 of the Dungeon
 12206 | D:10     | Found a shadowy altar of Dithmenos.
 12207 | D:10     | Noticed Maggie
 12226 | D:10     | Killed Maggie
 12539 | D:10     | Reached *** piety under Hepliaklqana
 12549 | D:10     | Reached skill level 13 in Stealth
 12552 | D:10     | Found a shimmering altar of Xom.
 12557 | D:10     | Found a faded altar of an unknown god.
 12559 | D:10     | Found an ancient bone altar of Kikubaaqudgha.
 12560 | D:10     | Found a burning altar of Makhleb.
 12565 | D:10     | Found an ornate altar of the Wu Jian Council.
 13177 | D:10     | Noticed a white ugly thing
 13923 | D:10     | Killed a white ugly thing
 13924 | D:10     | Reached skill level 10 in Fighting
 14013 | D:11     | Noticed a deep elf pyromancer
 14014 | D:11     | Noticed a cyclops
 14016 | D:11     | Killed a cyclops
 14024 | D:11     | Killed a deep elf pyromancer
 14025 | D:11     | Noticed a two-headed ogre
 14181 | D:11     | Killed a two-headed ogre
 14182 | D:11     | Reached XP level 12. HP: 49/70 MP: 6/12
 14377 | D:11     | Reached skill level 14 in Stealth
 14711 | D:11     | Noticed a two-headed ogre
 14716 | D:11     | Killed a two-headed ogre
 14942 | D:11     | Found a sparkling altar of Nemelex Xobeh.
 14973 | D:11     | Reached **** piety under Hepliaklqana
 15262 | D:12     | Found a staircase to the Orcish Mines.
 16323 | D:11     | Reached skill level 15 in Stealth
 16500 | Lair:1   | Entered Level 1 of the Lair of Beasts
 16537 | Lair:1   | Noticed Gastronok
 16551 | Lair:1   | Killed Gastronok
 16593 | Lair:1   | Found a gate leading to a gauntlet.
 16598 | Lair:1   | Reached XP level 13. HP: 75/75 MP: 13/13
 16603 | Gauntlet | Entered a Gauntlet
 16610 | Gauntlet | Found a transporter.
 16637 | Gauntlet | Reached ***** piety under Hepliaklqana
 16658 | Gauntlet | Found a transporter.
 16689 | Gauntlet | Found a transporter.
 16702 | Gauntlet | Found a transporter.
 16713 | Gauntlet | Found a runed translucent door.
 16742 | Gauntlet | Found a transporter.
 16763 | Gauntlet | Found a transporter.
 16763 | Gauntlet | Found a transporter.
 16812 | Gauntlet | Found a transporter.
 16812 | Gauntlet | Found a transporter.
 16901 | Gauntlet | Found a transporter.
 17419 | Gauntlet | Identified the ring "Wimehoi" {Wiz rPois rN++ Dex-3}
 17427 | Gauntlet | Identified the +1 plate armour of Xoegox {rCorr Dex+5}
 17427 | Gauntlet | Identified the ring "Taeqeq" {Fly rElec Will+ Str+3}
 17427 | Gauntlet | Noticed a minotaur
 17438 | Gauntlet | Killed a minotaur
 17479 | Gauntlet | Identified the +0 ring mail of Esum {Harm rN+}
 17479 | Gauntlet | Identified the -2 kite shield "Fiplug" {-Tele Int-2 Dex+6
                  | Stlth+}
 17482 | Gauntlet | Got the Elucidation of Metamorphosis
 17648 | Lair:1   | HP: 2/76 [komodo dragon (21)]
 18063 | Lair:1   | Reached skill level 16 in Stealth
 18533 | Lair:2   | Found a hole to the Spider Nest.
 18622 | Lair:2   | Identified the +1 robe of Hemniata {Harm rPois}
 19540 | Lair:3   | Reached skill level 15 in Short Blades
 19707 | Lair:3   | Reached XP level 14. HP: 42/82 MP: 12/14
 20020 | Lair:3   | Reached skill level 17 in Stealth
 20098 | Lair:3   | Found a staircase to the Swamp.
 20572 | Lair:3   | HP: 4/84 [seven-headed hydra (12)]
 20573 | Lair:3   | Slain by a seven-headed hydra

Illustrated notes

Levels and vault maps discovered:
D:1:      roderic_crop_circles_arrival_small, layout_loops_ring,
          minmay_misc_feat_doors, st_stairs_4, corexii_item_surrounded_by_moat,
          chequers_serial_rivers_marsh
D:2:      layout_loops_cross, ebering_ecumenical_altar_mist, basic_altar,
          uniq_crazy_yiuf_cottage
D:3:      layout_basic, nicolae_hepliaklqana_hazy_memory, serial_shops,
          nicolae_lakefront_shop, grunt_ministairs_15, grunt_decor_junction,
          uniq_robin
D:4:      kennysheep_kobold_camp, layout_cave_pools, portal_sewer_entry_f,
          minmay_misc_feat_diagonals, uniq_eustachio
D:5:      layout_gridville, nicolae_overflow_hidden_temple, zin_academy,
          uniq_sigmund, uniq_ijyb, uniq_menkaure
D:6:      layout_basic, kennysheep_okawaru_gauntlet,
          mainiacjoe_overflow_cross_hatched, nicolae_ru_sacrificial_ziggurat,
          gammafunk_ghost_split, chequers_serial_rivers_large_b, uniq_edmund,
          uniq_grinder
D:7:      layout_rooms, chei_slow_surprise, minmay_temple_entry_arrows
D:8:      minmay_inner_zag, layout_layer_cave, uniq_pikel
D:9:      layout_basic, lemuel_crystal_altar, due_lair_maze_entry_diamond
D:10:     minmay_octagon_keep, layout_layer_cave,
          chequers_temple_overflow_minitemple, nicolae_dithmenos_shadow_blocks,
          uniq_maggie
D:11:     hangedman_cross_stitches, layout_gridville,
          nemelex_xobeh_ov_fountains_minmay
D:12:     layout_gridville, orc_0_dummy, feat_on_display
Temple:   nicolae_temple_bog_church
Lair:1:   layout_roguey, gauntlet_entry_generic, hangedman_lair_unloving_vines,
          grunt_megastairs_5, uniq_gastronok
Lair:2:   layout_loops_ring, nicolae_spider_entry_lesser_pyramids,
          evilmike_ambush [evilmike_ambush_outer_basic,
          evilmike_ambush_inner_pond]
Lair:3:   nzn_winding_woodlands_stair_cross
          [nzn_winding_woodlands_5x15_pathside_ponds,
          nzn_winding_woodlands_center_pierced_h,
          nzn_winding_woodlands_5x15_river_crossing,
          nzn_winding_woodlands_5x5_cross, nzn_winding_woodlands_5x5_default,
          nzn_winding_woodlands_5x15_lazy_stream,
          nzn_winding_woodlands_center_diamonds,
          nzn_winding_woodlands_5x15_pool], layout_small_grid,
          minmay_swamp_entry_reptiles

Skill      XL: |  1  2  3  4  5  6  7  8  9 10 11 12 13 14 |
---------------+-------------------------------------------+-----
Short Blades   | 3 4 5 6 7 8 10 12 13 15 | 15.4
Dodging        | 2 3 4 5 6 7 9 11 12 13 14 | 14.1
Stealth        | 6 7 8 9 10 12 13 15 16 17 | 17.2
Fighting       | 3 4 5 6 7 8 10 11 12 13 | 13.1
Throwing       | |  2.1

Action                     |  1- 3 |  4- 6 |  7- 9 | 10-12 | 13-15 || total
---------------------------+-------+-------+-------+-------+-------++-------
  Melee: Dagger            |   100 |   292 |   572 |   828 |       ||  1792
         Punch             |     1 |     2 |     8 |    18 |     9 ||    38
         Short sword       |       |       |       |    37 |   433 ||   470
  Throw: Dart              |       |       |    12 |       |       ||    12
 Invoke: Ancestor Life: He |       |       |       |     1 |       ||     1
         Recall Ancestor   |       |       |       |     1 |     4 ||     5
    Use: Scroll            |       |     6 |     5 |    10 |     4 ||    25
         Potion            |       |     2 |       |       |     6 ||     8
   Stab: Sleeping          |    15 |    25 |    29 |    21 |    17 ||   107
         Distracted        |       |     1 |     5 |    12 |    11 ||    29
         Confused          |       |       |       |    17 |    13 ||    30
         Invisible         |       |       |       |       |     3 ||     3
 Armour: Robe              |    22 |    46 |    88 |    51 |       ||   207
         Leather armour    |       |       |       |    59 |    52 ||   111
  Dodge: Dodged            |    74 |   180 |   325 |   527 |   282 ||  1388

Table legend: (Time is in decaauts)
 A = Elapsed time spent in this place.
 B = Non-inter-level travel time spent in this place.
 C = Inter-level travel time spent in this place.
 D = Time resting spent in this place.
 E = Time spent auto-exploring this place.
 F = Levels seen in this place.
 G = Mean time per level.
                   A        B        C        D        E       F      G
               +--------+--------+--------+--------+--------+-----+--------+
         Total |  19802 |  18822 |    980 |   1662 |  13269 |  18 | 1100.1 |
       Dungeon |  15083 |  14174 |    909 |    780 |  10790 |  12 | 1256.9 |
        Temple |    337 |    314 |     23 |      0 |    306 |   1 |  337.0 |
          Lair |   2927 |   2880 |     47 |    498 |   1674 |   3 |  975.7 |
         Sewer |    524 |    524 |      0 |      0 |    267 |   1 |  524.0 |
      Gauntlet |    929 |    929 |      0 |    383 |    231 |   1 |  929.0 |
               +--------+--------+--------+--------+--------+-----+--------+

Top non-repeatable levels by time:
    D:10: 1959 daAuts
     D:8: 1898 daAuts
     D:6: 1515 daAuts
     D:5: 1467 daAuts
     D:9: 1321 daAuts
     D:4: 1264 daAuts
     D:3: 1212 daAuts
    D:12: 1117 daAuts
  Lair:2: 1094 daAuts
  Lair:1: 1032 daAuts
    D:11: 1026 daAuts
Gauntlet: 929 daAuts
     D:1: 815 daAuts
  Lair:3: 801 daAuts
     D:7: 767 daAuts
